 Dungeon Crawl Stone Soup version 0.29.1-15-g9cfb28693d (webtiles) character file.

Game seed: 4957029264340501039

7940 coffeetime the Protected (level 11, -12/150 HPs)
             Began as a Minotaur Berserker on July 10, 2023.
             Was a High Priest of Trog.
             Mangled by an enormous slime creature (62 damage)
             ... on level 9 of the Dungeon.
             The game lasted 00:25:46 (8863 turns).

coffeetime the Protected (Minotaur Berserker)       Turns: 8863, Time: 00:25:47

Health: -12/150    AC: 16    Str: 26    XL:     11   Next: 3%
Magic:  0/10       EV:  9    Int:  4    God:    Trog [*****.]
Gold:   90         SH: 13    Dex: 10    Spells: 10/10 levels left

rFire   + . .      SeeInvis .   a - +3 broad axe (flame)
rCold   + . .      Faith    .   F - +0 buckler
rNeg    . . .      Spirit   +   G - +0 plate armour
rPois   .          Reflect  .   s - +0 hat {Will+}
rElec   .          Harm     .   x - scarf {rC+ rF+}
rCorr   .          Rampage  .   (no gloves)
Will    +....                   i - +0 pair of boots
Stlth   ..........              l - brooch of Shielding {Spirit SH+8}
HPRegen 0.35/turn               (no ring)
MPRegen 0.12/turn               (no ring)

@: berserking, very quick
A: horns 2, retaliatory headbutt
a: Renounce Religion, Berserk, Trog's Hand, Brothers in Arms


You were on level 9 of the Dungeon.
You worshipped Trog.
Trog was extremely pleased with you.
You visited 1 branch of the dungeon, and saw 9 of its levels.
You also visited: Sewer.

You collected 401 gold pieces.
You spent 311 gold pieces at shops.

Inventory:

Hand Weapons
 a - a +3 broad axe of flaming (weapon)
 b - a +2 spear of venom
Missiles
 e - 160 stones
 D - 2 curare-tipped darts
 H - 17 poisoned darts (quivered)
Armour
 i - a +0 pair of boots (worn)
 s - a +0 hat of willpower (worn)
 x - a scarf of resistance (worn)
 F - a +0 buckler (worn)
 G - a +0 plate armour (worn)
Jewellery
 l - the brooch of Shielding (around neck) {Spirit SH+8}
   (You acquired it on level 5 of the Dungeon)

   [amulet of guardian spirit]

   It causes incoming damage to be divided between your reserves of health and
   magic.
   SH:        It affects your SH (+8).
 K - a ring of fire
Wands
 E - a wand of acid (13)
 J - a wand of flame (20)
Scrolls
 d - 3 scrolls of immolation {unknown}
 f - a scroll of amnesia {unknown}
 g - 2 scrolls of enchant armour {unknown}
 j - a scroll of enchant weapon
 n - 4 scrolls of poison
 o - a scroll of summoning
 p - 4 scrolls of teleportation
 y - 2 scrolls of brand weapon
 z - a scroll of noise {unknown}
 I - a scroll of blinking {unknown}
 L - a scroll of vulnerability {unknown}
Potions
 c - 6 potions of flight
 h - 3 potions of curing
 k - 3 potions of mutation {unknown}
 m - a potion of magic {unknown}
 q - 3 potions of resistance
 r - a potion of ambrosia {unknown}
 t - a potion of invisibility {unknown}
 u - a potion of berserk rage
 v - a potion of heal wounds {unknown}
 A - a potion of cancellation {unknown}
 B - a potion of attraction
 C - a potion of might
Miscellaneous
 w - a piece from Xom's chessboard (15/15)


   Skills:
 + Level 10.2 Fighting
 - Level 10.0 Axes
 * Level 4.1 Throwing
 + Level 10.4 Armour
 * Level 6.5 Dodging
 + Level 1.8 Stealth
 - Level 5.0 Shields
 - Level 4.0 Evocations


You had 10 spell levels left.
You didn't know any spells.
Your spell library was empty.

Dungeon Overview and Level Annotations

Branches:
Dungeon (9/15)             Temple (0/1) D:4           Sewer (visited)
   Lair: D:8-11         Orc: D:9-12

Altars:
Okawaru
Ru
Wu Jian
Xom

Shops:
D:4 *   D:7 !([[!   D:8 [


Innate Abilities, Weirdness & Mutations

You have a pair of horns on your head.
You reflexively headbutt those who attack you in melee.


Message History

You block the large slime creature's attack.
You slash the large slime creature! You burn the large slime creature.
The large slime creature is heavily wounded.
The large slime creature barely misses you.
You slash the large slime creature! You burn the large slime creature.
You headbutt the large slime creature.
The large slime creature is heavily wounded.
Two slime creatures merge to form a very large slime creature.
You hit the very large slime creature. You burn the very large slime creature.
You headbutt the very large slime creature, but do no damage.
The very large slime creature is moderately wounded.
The very large slime creature hits you but does no damage.
You slice the very large slime creature!!
You burn the very large slime creature!
You headbutt the very large slime creature!
The very large slime creature is severely wounded.
The very large slime creature hits you!!
A red film seems to cover your vision as you go berserk!
You feel yourself moving faster!
You feel mighty!
The very large slime creature hits you!!
You slice the very large slime creature!!
You burn the very large slime creature!
You headbutt the very large slime creature!
The very large slime creature is almost dead.
You slash the very large slime creature!
You burn the very large slime creature.
You headbutt the very large slime creature.
The very large slime creature is almost dead.
The very large slime creature hits you!!!
Two slime creatures merge to form an enormous slime creature.
You hear a shout!
You barely miss the enormous slime creature.
You headbutt the enormous slime creature.
The enormous slime creature is severely wounded.
You slash the enormous slime creature! You burn the enormous slime creature.
The enormous slime creature is severely wounded.
You slash the enormous slime creature! You burn the enormous slime creature.
The enormous slime creature is almost dead.
The enormous slime creature hits you!!!
You die... ....... ....... ....... o.... .KK

#K## #oo##########
##J##..^....#######
######@##.....#.#).....
#.......>..8..<.)).....
#.............###.)..§.
#............)#§.§§....
............#))#§§§.....
..###+#######....§§§#.##
. ####.§§.#.# ##...[.#
#.#####


You could see an enormous slime creature, an orc warrior, a kobold brigand, an
orc and 2 kobolds.

Vanquished Creatures
  A two-headed ogre (D:8)
  Pikel (D:6)
  2 unseen horror zombies (D:9)
  A slime creature (D:9)
  A hornet (D:7)
  8 yaks (D:8)
  Eustachio (D:6)
  2 wyverns
  A steam dragon (D:7)
  An acid dragon (D:8)
  2 orc warriors
  A water moccasin (D:5)
  An ice beast (D:7)
  3 black bears
  A sky beast (D:7)
  2 ogres
  3 centaurs
  2 lemures (D:6)
  2 kobold brigands (D:8)
  A gnoll sergeant (D:7)
  2 scorpions (D:5)
  A necrophage (D:6)
  7 bullfrogs
  8 wights (D:9)
  5 killer bees (D:8)
  2 howler monkeys
  3 jellies (D:7)
  2 lava snakes (D:7)
  A centaur zombie (D:9)
  10 orc priests
  2 hounds
  2 gnoll boudas
  A merfolk siren (Sewer)
  11 orc wizards
  A merfolk avatar (Sewer)
  Robin (D:4)
  2 howler monkey zombies (D:9)
  11 gnolls
  A river rat (Sewer)
  17 adders
  A shadow imp (D:5)
  A white imp (D:6)
  3 ufetubi
  4 dart slugs
  3 worms
  46 orcs
  8 ball pythons
  4 endoplasms
  6 giant cockroaches
  22 goblins
  3 hobgoblins
  15 jackals
  7 quokkas
  3 bats
  5 frilled lizards
  19 kobolds
  23 rats
300 creatures vanquished.

Vanquished Creatures (others)
  3 withered plants (D:9)
3 creatures vanquished.

Grand Total: 303 creatures vanquished

Notes
Turn   | Place    | Note
-------+----------+-------------------------------------------
     0 | D:1      | coffeetime the Minotaur Berserker began the quest for the
                  | Orb.
     0 | D:1      | Reached XP level 1. HP: 19/19 MP: 0/0
   346 | D:1      | Reached XP level 2. HP: 22/27 MP: 1/1
  1146 | D:1      | Reached ** piety under Trog
  1147 | D:1      | Reached XP level 3. HP: 33/34 MP: 2/2
  1431 | D:2      | Found a faded altar of an unknown god.
  1532 | D:2      | Reached XP level 4. HP: 40/41 MP: 3/3
  2014 | D:3      | Reached skill level 5 in Fighting
  2158 | D:3      | Found a glowing drain.
  2169 | Sewer    | Entered a sewer
  2195 | Sewer    | Reached *** piety under Trog
  2248 | Sewer    | Reached XP level 5. HP: 43/48 MP: 4/4
  2372 | Sewer    | Reached skill level 5 in Armour
  2577 | D:3      | Reached XP level 6. HP: 35/57 MP: 5/5
  2612 | D:3      | Reached **** piety under Trog
  3712 | D:4      | Noticed Robin
  3728 | D:4      | Killed Robin
  3753 | D:4      | Found a sacrificial altar of Ru.
  3753 | D:4      | Found a shimmering altar of Xom.
  3852 | D:4      | Reached XP level 7. HP: 64/64 MP: 6/6
  3911 | D:4      | Found a staircase to the Ecumenical Temple.
  3932 | D:4      | Found Mautwoykk's Assorted Antiques.
  4029 | D:4      | Found an iron altar of Okawaru.
  4147 | D:5      | Entered Level 5 of the Dungeon
  4154 | D:5      | Reached skill level 1 in Evocations
  4460 | D:5      | Reached ***** piety under Trog
  4556 | D:5      | Reached XP level 8. HP: 65/74 MP: 7/7
  4617 | D:5      | Identified a scroll of acquirement
  4618 | D:5      | Acquired the brooch of Shielding {Spirit SH+8}
  4618 | D:5      | Found the brooch of Shielding {Spirit SH+8}
  5126 | D:6      | Reached skill level 5 in Axes
  5402 | D:6      | Noticed Pikel
  5413 | D:6      | Killed Pikel
  5414 | D:6      | Reached skill level 1 in Stealth
  5414 | D:6      | Reached skill level 1 in Shields
  5414 | D:6      | Reached XP level 9. HP: 57/82 MP: 5/8
  5641 | D:6      | Noticed Eustachio
  5650 | D:6      | Killed Eustachio
  5889 | D:7      | Reached skill level 5 in Dodging
  5972 | D:7      | Found Woek's Distillery.
  5980 | D:7      | Bought a potion of curing for 45 gold pieces
  5980 | D:7      | Bought a potion of attraction for 45 gold pieces
  6067 | D:7      | Received a gift from Trog
  6356 | D:7      | Found Jeskim's Antique Armour Shop.
  6534 | D:7      | Reached skill level 1 in Throwing
  6554 | D:7      | Reached XP level 10. HP: 83/93 MP: 9/9
  6662 | D:7      | Found Yripusip's Weapon Emporium.
  6675 | D:7      | Found Lashiudikif's Distillery.
  6742 | D:7      | Bought a potion of degeneration for 13 gold pieces
  6742 | D:7      | Bought a potion of berserk rage for 65 gold pieces
  6798 | D:7      | Found Diwiprargh's Armour Emporium.
  6801 | D:7      | Bought a +0 hat of willpower for 143 gold pieces
  7227 | D:8      | Reached skill level 10 in Fighting
  7401 | D:8      | Found Pipim's Armour Boutique.
  7663 | D:8      | Noticed a two-headed ogre
  7673 | D:8      | Killed a two-headed ogre
  7674 | D:8      | Reached skill level 10 in Armour
  7738 | D:8      | Found an ornate altar of the Wu Jian Council.
  8558 | D:9      | Reached skill level 5 in Shields
  8703 | D:9      | Reached XP level 11. HP: 69/100 MP: 10/10
  8849 | D:9      | Reached skill level 10 in Axes
  8863 | D:9      | Mangled by an enormous slime creature

Illustrated notes

Levels and vault maps discovered:
D:1:      evilmike_arrival_crescent, layout_basic
D:2:      layout_basic, ebering_ecumenical_altar_webs, grunt_ministairs_15
D:3:      layout_basic, portal_sewer_entry_d
D:4:      layout_loops_ring, okawaru_altar_gauntlet_db,
          amethyst_overflow_temple_binary, minmay_temple_entry_waves,
          serial_shops, nicolae_shop_statue_plus, uniq_robin
D:5:      layout_cave_pools, hellmonk_bongcloud_opening
D:6:      layout_basic, uniq_pikel, uniq_eustachio
D:7:      layout_loops_ring, serial_shops, nicolae_lakefront_shop,
          nicolae_shop_behind_doors, shop, shop, shop, nicolae_lava_and_water,
          st_stairs_1, minmay_joined_circles
D:8:      layout_loops_corners, nzn_wu_jian_council_hall, serial_shops, shop,
          minivault_1, hangedman_decor_opposing
D:9:      layout_roguey, hellmonk_ghost_happy_afterlife, serial_undead,
          serial_undead_f, serial_undead_a, serial_undead_b, serial_undead_d,
          kennysheep_small_spiral, nrook_uturn

Skill      XL: |  1  2  3  4  5  6  7  8  9 10 11 |
---------------+----------------------------------+-----
Fighting       | 4 5 6 7 8 9 10 | 10.2
Axes           | 4 5 6 9 10 | 10.0
Armour         | 3 4 5 6 7 8 9 10 | 10.4
Dodging        | 3 4 6 |  6.5
Evocations     | 2 3 4 |  4.0
Stealth        | 1 |  1.8
Shields        | 1 3 5 |  5.0
Throwing       | 1 4 |  4.1

Action                   |  1- 3 |  4- 6 |  7- 9 | 10-12 || total
-------------------------+-------+-------+-------+-------++-------
Melee: Hand axe          |    80 |     3 |       |       ||    83
       Headbutt          |     7 |    30 |    50 |    40 ||   127
       Spear             |       |   236 |   292 |    25 ||   553
       Punch             |       |       |     2 |       ||     2
       Broad axe         |       |       |    22 |   157 ||   179
Throw: Stone             |       |       |     3 |       ||     3
Invok: Berserk           |     2 |       |     2 |     2 ||     6
       Trog's Hand       |       |       |     2 |     1 ||     3
  Use: Potion            |       |     1 |       |       ||     1
       Scroll            |       |       |     8 |       ||     8
Armor: Scale mail        |    30 |    84 |    86 |       ||   200
       Plate armour      |       |       |    12 |    55 ||    67
Dodge: Dodged            |    46 |    78 |   131 |    42 ||   297
Block: Other             |       |       |    64 |       ||    64
       Buckler           |       |       |     9 |   128 ||   137
